 Dungeon Crawl Stone Soup version 0.27-a0-249-g74f53ef629 (webtiles) character file.

Game seed: 10336460535718204673

45 Borgoz the Slasher (level 3, -3/30 HPs)
             Began as a Ghoul Gladiator on Feb 3, 2021.
             Slain by a gnoll
             ... wielding a cursed +0 halberd
              (10 damage)
             ... on level 2 of the Dungeon.
             The game lasted 00:01:19 (923 turns).

Borgoz the Slasher (Ghoul Gladiator)                 Turns: 923, Time: 00:01:19

Health: -3/30      AC:  4    Str: 17    XL:     3   Next: 64%
Magic:  0/2        EV: 12    Int:  3    God:
Gold:   5          SH:  0    Dex: 11    Spells: 2/2 levels left

rFire    . . .     SeeInvis .   a - +0 long sword
rCold    + . .     Faith    .   (no shield)
rNeg     + + +     Spirit   +   b - +0 leather armour
rPois    ∞         Reflect  .   c - +0 helmet
rElec    .         Harm     .   (no cloak)
rCorr    .         Rampage  .   (no gloves)
Will     .....                  (no boots)
Stlth    +.........             f - amulet of guardian spirit
HPRegen  0.00/turn              (no ring)
MPRegen  0.08/turn              (no ring)

@: no status effects
A: claws 1, cold resistance 1, negative energy resistance 3, inhibited
regeneration, torment resistance, unbreathing
a: no special abilities


You were on level 2 of the Dungeon.
You visited 1 branch of the dungeon, and saw 2 of its levels.

You collected 5 gold pieces.

Inventory:

Hand Weapons
 a - a +0 long sword (weapon)
Missiles
 d - 3 throwing nets (quivered)
Armour
 b - a +0 leather armour (worn)
 c - a +0 helmet (worn)
Jewellery
 f - an amulet of guardian spirit (around neck)
Scrolls
 e - a scroll of teleportation
 h - a scroll of fear {unknown}
 j - a scroll of remove curse {unknown}
 l - a scroll of identify {unknown}
 n - a scroll of random uselessness {unknown}


   Skills:
 + Level 2.7 Fighting
 * Level 3.2 Long Blades
 - Level 1.7 Throwing
 * Level 1.3 Armour
 + Level 3.0 Dodging


You had 2 spell levels left.
You didn't know any spells.
Your spell library was empty.

Dungeon Overview and Level Annotations

Branches:
Dungeon (2/15)

Altars:


Innate Abilities, Weirdness & Mutations

You thrive by killing the living.
You are immune to poison.
You have sharp fingernails.
Your flesh is cold resistant. (rC+)
You are immune to negative energy. (rN+++)
You do not regenerate when monsters are visible.
You are immune to unholy pain and torment.
You can survive without breathing.


Message History

* * * LOW HITPOINT WARNING * * *
You are too injured to fight recklessly!
It was a potion of curing.
You feel better. The hobgoblin closely misses you.
The gnoll hits you from afar with a cursed +0 halberd!
* * * LOW HITPOINT WARNING * * *
You feel better. The hobgoblin hits you.
The gnoll hits you from afar with a cursed +0 halberd.
* * * LOW HITPOINT WARNING * * *
It was a potion of lignification.
You feel woody for a moment. The hobgoblin hits you.
* * * LOW HITPOINT WARNING * * *
It was a potion of might.
You feel very mighty all of a sudden. The gnoll barely misses you.
The hobgoblin closely misses you.
It was a potion of cancellation.
Your magical effects are unravelling.
You feel magically purged.
You feel a little less mighty now.
The gnoll hits you from afar with a cursed +0 halberd!
You die...

... ### #.. ..# ##
#.# #$# ### ..
#.####.##...#
.##.##
#.##..ggg...#
.....# #.. #g#
.##..#### #.####@#
........###......#
#.......#######
#.##.##.#
#....##.#
#<##.##.#
........##.#
.###.......#
####.####


You could see 2 gnolls and a hobgoblin.

Vanquished Creatures
  A gnoll (D:2)
  An ooze (D:1)
  A giant cockroach (D:1)
  3 goblins (D:1)
  6 hobgoblins (D:1)
  4 jackals (D:1)
  A bat (D:1)
  A frilled lizard (D:1)
  7 kobolds (D:1)
  5 rats (D:1)
30 creatures vanquished.

Notes
Turn   | Place    | Note
-------+----------+-------------------------------------------
     0 | D:1      | Borgoz the Ghoul Gladiator began the quest for the Orb.
     0 | D:1      | Reached XP level 1. HP: 17/17 MP: 0/0
    35 | D:1      | Reached XP level 2. HP: 18/25 MP: 1/1
   288 | D:1      | Reached skill level 1 in Armour
   289 | D:1      | Reached XP level 3. HP: 28/30 MP: 2/2
   923 | D:2      | Slain by a gnoll

Illustrated notes

Levels and vault maps discovered:
D:1:      dpeg_arrival_houses_and_road, layout_loops_cross,
          minmay_misc_feat_cross, minmay_quantized
D:2:      layout_loops_cross, uniq_sigmund

Skill      XL: |  1  2  3 |
---------------+----------+-----
Long Blades    | 3 |  3.2
Armour         | 1 |  1.3
Dodging        | 3 |  3.0
Fighting       | |  2.7
Throwing       | |  1.7

Action                   || total
-------------------------++-------
Melee: Long sword        ||    81
  Use: Potion            ||     5
       Scroll            ||     1
Armor: Leather armour    ||    24
Dodge: Dodged            ||    60
       Rpst.: Long sword ||    12

Table legend: (Time is in decaauts)
 A = Elapsed time spent in this place.
 B = Non-inter-level travel time spent in this place.
 C = Inter-level travel time spent in this place.
 D = Time resting spent in this place.
 E = Time spent auto-exploring this place.
 F = Levels seen in this place.
 G = Mean time per level.
                   A        B        C        D        E       F      G
               +--------+--------+--------+--------+--------+-----+--------+
         Total |    942 |    930 |     12 |     71 |    611 |   2 |  471.0 |
       Dungeon |    942 |    930 |     12 |     71 |    611 |   2 |  471.0 |
               +--------+--------+--------+--------+--------+-----+--------+

Top non-repeatable levels by time:
     D:1: 908 daAuts
     D:2: 34 daAuts
